 Seeded DCSS version 0.30.1-9-gdf580d7c3d (webtiles) character file.

Game seed: 5 (custom seed)

7471 Kazon the Basher (level 11, -1/81 HPs)
             Began as a Human Fighter on Oct 17, 2023.
             Was a High Priest of Okawaru.
             Succumbed to a hornet's poison
             ... while paralysed by a hornet
             ... on level 9 of the Dungeon.
             The game lasted 00:38:30 (6298 turns).

Kazon the Basher (Human Fighter)                    Turns: 6298, Time: 00:38:31

Health: -1/81      AC: 15    Str: 22    XL:     11   Next: 37%
Magic:  1/25       EV:  2    Int:  8    God:    Okawaru [*****.]
Gold:   385        SH:  0    Dex: 17    Spells: 10/10 levels left

rFire   + . .        s - +1 great mace "Joujuuwk" {flame, Fragile rF+ Dex+5 Stlth+}
rCold   . . .        (shield currently unavailable)
rNeg    . . .        b - +0 scale mail
rPois   .            k - +0 helmet
rElec   .            (no cloak)
rCorr   .            M - +0 pair of gloves
SInv    .            (no boots)
Will    .....        D - amulet of guardian spirit
Stlth   ++++         q - ring of magical power
HPRegen 0.33/turn    N - +4 ring of protection
MPRegen 0.19/turn

%: guardian spirit
@: paralysed, lethally poisoned (-1 -> -17), heroic, finesse-ful, slowed
A: no striking features
a: Renounce Religion, Heroism, Finesse, Duel


You were on level 9 of the Dungeon.
You worshipped Okawaru.
Okawaru was extremely pleased with you.
You visited 2 branches of the dungeon, and saw 10 of its levels.
You also visited: Ossuary.

You collected 527 gold pieces.
You spent 142 gold pieces at shops.

Inventory:

Hand Weapons
 a - a +0 war axe
 e - a +2 vampiric dagger
 f - a +0 hand axe of flaming
 s - the +1 great mace "Joujuuwk" (weapon) {flame, Fragile rF+ Dex+5 Stlth+}
   (You acquired it on level 1 of the Dungeon)

   Dex:       It affects your dexterity (+5).
   rF:        It protects you from fire.
   Fragile:   It will be destroyed if unequipped.
   Stlth:     It makes you more stealthy.
Missiles
 j - 14 boomerangs (quivered)
 v - 15 poisoned darts
 L - 5 silver javelins
 O - 2 curare-tipped darts
Armour
 b - a +0 scale mail (worn)
 h - a +0 tower shield
 k - a +0 helmet (worn)
 M - a +0 pair of gloves (worn)
Jewellery
 q - a ring of magical power (left hand)
 x - a +6 ring of dexterity
 D - an amulet of guardian spirit (around neck)
 N - a +4 ring of protection (right hand)
Wands
 A - a wand of paralysis (6)
 Q - a wand of light (7)
 R - a wand of digging (7)
Scrolls
 c - a scroll of poison {unknown}
 i - 2 scrolls of identify
 m - a scroll of summoning
 n - 2 scrolls of magic mapping {unknown}
 o - a scroll of teleportation
 p - a scroll of blinking {unknown}
 y - a scroll of amnesia {unknown}
 z - 2 scrolls of fog {unknown}
 B - a scroll of torment {unknown}
 G - a scroll of enchant armour {unknown}
 H - 2 scrolls of fear {unknown}
 J - a scroll of enchant weapon {unknown}
Potions
 d - a potion of might
 g - a potion of resistance {unknown}
 l - 3 potions of curing
 r - 5 potions of flight {unknown}
 t - 2 potions of berserk rage {unknown}
 u - 2 potions of invisibility {unknown}
 w - 4 potions of heal wounds {unknown}
 C - a potion of lignification {unknown}
 E - 4 potions of attraction {unknown}
 F - a potion of haste {unknown}
 I - 3 potions of brilliance {unknown}
 K - a potion of magic
 P - a potion of cancellation {unknown}
 S - a potion of ambrosia


   Skills:
 + Level 6.0(11.0) Fighting
 + Level 3.4(8.4) Short Blades
 + Level 2.4(11.2) Axes
 + Level 9.1(14.3) Maces & Flails
 + Level 5.1(10.1) Throwing
 + Level 5.8(10.8) Armour
 + Level 3.2(8.2) Dodging
 + Level 2.8(7.8) Stealth
 + Level 4.0(9.0) Shields
 * Level 6.9 Invocations
 * Level 5.9 Evocations


You had 10 spell levels left.
You didn't know any spells.
Your spell library contained the following spells:

 Spells                   Type           Power      Damage    Failure   Level
 Frozen Ramparts          Ice            0%         1d1       95%         3
 Ignite Poison            Fire/Tmut/Pois 0%         N/A       95%         3
 Ice Form                 Ice/Tmut       0%         N/A       100%        4
 Sticky Flame             Conj/Fire      0%         2d3       100%        4
 Eringya's Noxious Bog    Tmut/Pois      0%         N/A       100%        6
 Ignition                 Fire           0%         3d3       100%        8
 Summon Ice Beast         Ice/Summ       Unusable   N/A       N/A         4
 Summon Forest            Summ/Tloc      Unusable   N/A       N/A         5
 Summon Hydra             Summ           Unusable   N/A       N/A         7

Dungeon Overview and Level Annotations

Branches:
Dungeon (9/15)             Temple (1/1) D:4            Lair (0/5) D:8
Ossuary (visited)
    Orc: D:9-12

Altars:
Dithmenos
Fedhas
Gozag
Hepliaklqana
Okawaru
Qazlal
Trog
Uskayaw
Wu Jian
Xom
The Shining One

Shops:
D:8 *


Message History

You feel sick. The hornet stings you!
* * * LOW HITPOINT WARNING * * *
You feel as though you will be slow longer.
It was a potion of curing.
You feel better.
The hornet stings you but does no damage.
The hornet closely misses you.
You completely miss the hornet.
The hornet is moderately wounded.
The hornet stings you.
* * * LOW HITPOINT WARNING * * *
You are poisoned.
You feel as though you will be slow longer.
You closely miss the hornet.
The hornet is moderately wounded.
You feel very sick. The hornet stings you!
* * * LOW HITPOINT WARNING * * *
You feel as though you will be slow longer.
You feel better.
The hornet stings you but does no damage. x3
You closely miss the hornet.
The hornet is moderately wounded.
The hornet closely misses you.
You barely miss the hornet.
The hornet is moderately wounded.
The hornet stings you.
* * * LOW HITPOINT WARNING * * *
You suddenly lose the ability to move!
The hornet stings you.
* * * LOW HITPOINT WARNING * * *
You are lethally poisoned!
You feel as though you will be slow longer.
The hornet stings you.
* * * LOW HITPOINT WARNING * * *
You are more poisoned.
You feel as though you will be slow longer.
* * * LOW HITPOINT WARNING * * *
You feel very sick.
The hornet stings you but does no damage.
You die...

#########
#.......#
#.#####.########
# #@# #.......<#
# #y# ########.#
# .c. #.###
#.... #....
#<...# #####
####.# ##### ..
..... .## #..
#####..


You could see a hornet and a centaur.

Vanquished Creatures
  A two-headed ogre (D:7)
  2 polar bears (D:8)
  2 shadows (D:9)
  Sigmund (D:4)
  A vampire (D:9)
  A wyvern (D:8)
  A yak (D:7)
  3 basilisks (D:8)
  A steam dragon (D:8)
  Duvessa (D:6)
  6 water moccasins
  An ice beast (D:8)
  5 black bears
  A sky beast (D:7)
  3 wolves (D:8)
  2 centaurs
  2 ogres
  An elf zombie (Ossuary)
  2 kobold brigands
  A bullfrog (D:8)
  A gnoll sergeant (D:8)
  3 scorpions
  15 wights
  4 killer bees (D:7)
  Dowan (D:6)
  4 howler monkeys
  A vampire bat (D:7)
  An electric eel (D:8)
  6 hounds
  A wyvern simulacrum (D:8)
  A centaur zombie (Ossuary)
  3 orc priests (D:6)
  3 human zombies (Ossuary)
  A jelly (D:5)
  6 iguanas
  8 orc wizards
  4 ogre zombies (Ossuary)
  A centaur simulacrum (D:8)
  7 mummies (Ossuary)
  11 gnolls
  9 adders
  A shadow imp (D:8)
  A white imp (D:7)
  An ufetubus (D:4)
  A worm zombie (D:7)
  2 adder zombies (Ossuary)
  3 worms
  19 orcs
  11 bats
  9 endoplasms
  A giant cockroach (D:1)
  12 goblins
  7 hobgoblins
  11 jackals
  15 kobolds
  3 quokkas (D:4)
  6 ball pythons
  3 frilled lizards
  4 goblin zombies (Ossuary)
  6 hobgoblin zombies
  3 kobold zombies
  4 quokka zombies (Ossuary)
  4 rats
  4 rat zombies (Ossuary)
260 creatures vanquished.

Notes
Turn   | Place    | Note
-------+----------+-------------------------------------------
     0 | D:1      | Kazon the Human Fighter began the quest for the Orb.
     0 | D:1      | Reached XP level 1. HP: 18/18 MP: 1/1
    53 | D:1      | Identified a scroll of acquirement
    53 | D:1      | Acquired the +1 great mace "Joujuuwk" {flame, Fragile rF+
                  | Dex+5 Stlth+}
    75 | D:1      | Reached XP level 2. HP: 16/24 MP: 2/2
   189 | D:1      | Reached XP level 3. HP: 25/29 MP: 3/3
   676 | D:1      | Reached skill level 1 in Maces & Flails
   808 | D:2      | Reached skill level 1 in Throwing
   831 | D:2      | Reached XP level 4. HP: 27/35 MP: 4/4
  1051 | D:2      | Reached skill level 1 in Stealth
  1320 | D:2      | Reached skill level 2 in Maces & Flails
  1320 | D:2      | Reached XP level 5. HP: 32/41 MP: 5/5
  1434 | D:3      | You fall into a shaft and drop 2 floors!
  1434 | D:5      | Entered Level 5 of the Dungeon
  1496 | D:4      | Found a staircase to the Ecumenical Temple.
  1505 | Temple   | Entered the Ecumenical Temple
  1519 | Temple   | Became a worshipper of Warmaster Okawaru
  1581 | D:3      | Found a blossoming altar of Fedhas.
  1753 | D:3      | Found a stormy altar of Qazlal.
  1915 | D:3      | Found a faded altar of an unknown god.
  1936 | D:3      | Identified the +2 sling "Qeuhanocyt" {speed, rElec Str-3
                  | Dex+2}
  2107 | D:4      | Reached XP level 6. HP: 23/47 MP: 6/6
  2248 | D:4      | Reached skill level 1 in Invocations
  2392 | D:4      | Noticed a black bear
  2395 | D:4      | Killed a black bear
  2395 | D:4      | Reached * piety under Okawaru
  2396 | D:4      | Reached skill level 1 in Short Blades
  2396 | D:4      | Reached skill level 3 in Maces & Flails
  2396 | D:4      | Reached skill level 1 in Dodging
  2422 | D:4      | Noticed a black bear
  2431 | D:4      | Killed a black bear
  2432 | D:4      | Reached XP level 7. HP: 49/52 MP: 8/8
  2445 | D:4      | Found a hazy altar of Hepliaklqana.
  2452 | D:4      | Found a shadowy altar of Dithmenos.
  2452 | D:4      | Noticed a shadow
  2484 | D:4      | Noticed Sigmund
  2489 | D:4      | Killed Sigmund
  2861 | D:5      | Reached skill level 4 in Maces & Flails
  2861 | D:5      | Reached skill level 1 in Evocations
  2919 | D:5      | Reached ** piety under Okawaru
  2960 | D:5      | Reached XP level 8. HP: 60/60 MP: 9/9
  3242 | D:6      | Noticed Dowan
  3244 | D:6      | Noticed Duvessa
  3248 | D:6      | Killed Dowan
  3252 | D:6      | Killed Duvessa
  3329 | D:6      | Reached skill level 5 in Maces & Flails
  3494 | D:6      | Found a shimmering altar of Xom.
  3503 | D:6      | Reached XP level 9. HP: 57/65 MP: 11/11
  3552 | D:6      | Reached *** piety under Okawaru
  3721 | D:7      | Reached skill level 6 in Maces & Flails
  3750 | D:7      | Found a sand-covered staircase.
  3767 | Ossuary  | Entered an ossuary
  4157 | Ossuary  | Reached **** piety under Okawaru
  4327 | D:7      | Received a gift from Okawaru
  4425 | D:7      | Reached XP level 10. HP: 73/73 MP: 13/13
  4465 | D:7      | Noticed a two-headed ogre
  4469 | D:7      | Killed a two-headed ogre
  4470 | D:7      | Reached skill level 5 in Fighting
  4470 | D:7      | Reached skill level 7 in Maces & Flails
  4470 | D:7      | Reached skill level 5 in Invocations
  4499 | D:7      | Reached skill level 5 in Armour
  4909 | D:8      | Reached ***** piety under Okawaru
  5079 | D:8      | Reached skill level 5 in Evocations
  5381 | D:8      | Reached skill level 8 in Maces & Flails
  5403 | D:8      | Reached XP level 11. HP: 77/80 MP: 15/15
  5405 | D:8      | Received a gift from Okawaru
  5417 | D:8      | Found a staircase to the Lair.
  5454 | D:8      | Found Izo Qiri's Assorted Antiques.
  5464 | D:8      | Bought a sedimented brown potion for 26 gold pieces
  5464 | D:8      | Bought a curved iron wand for 116 gold pieces
  5825 | D:8      | Received a gift from Okawaru
  6094 | D:8      | Reached skill level 9 in Maces & Flails
  6094 | D:8      | Reached skill level 5 in Throwing
  6282 | D:9      | Paralysed by a hornet for 2 turns
  6295 | D:9      | Paralysed by a hornet for 3 turns
  6297 | D:9      | HP: 3/81 [poisoned by a hornet]
  6298 | D:9      | Succumbed to a hornet's poison

Illustrated notes

Levels and vault maps discovered:
D:1:      ebering_trefoil_3fold, layout_basic, st_stairs_14, serial_bayou_ford_a
D:2:      layout_basic, hangedman_decor_growths, minmay_close_crescents
D:3:      layout_rooms, mainiacjoe_overflow_concentric_impassable,
          mainiacjoe_overflow_paths, shapermc_ecumenical_altar_acropolis,
          chequers_serial_rivers_micro_b
D:4:      layout_basic, riverfiend_overflow_shadow_ancestor,
          minmay_temple_entry_glass, uniq_sigmund
D:5:      layout_gridville
D:6:      layout_basic, xom_teletrap_fun, uniq_duvessa
D:7:      layout_loops_ring, enter_ossuary_3, roderic_batcave
D:8:      layout_layer_cave, minmay_lair_entry_grove, serial_shops,
          nicolae_lakefront_shop, serial_ice, serial_ice_o, serial_ice_d,
          serial_ice_k, serial_ice_a
D:9:      layout_loops_ring, nicolae_wwwww, uniq_maurice
Temple:   nicolae_temple_elliptical

Skill      XL: |  1  2  3  4  5  6  7  8  9 10 11 |
---------------+----------------------------------+-----
Maces & Flails | 1 2 3 4 5 6 8 9 |  9.1
Throwing       | 1 2 3 4 5 |  5.1
Stealth        | 1 2 |  2.8
Invocations    | 1 2 3 4 6 |  6.9
Short Blades   | 1 2 3 |  3.4
Dodging        | 1 2 3 |  3.2
Armour         | 4 5 |  5.8
Evocations     | 1 2 3 5 |  5.9
Fighting       | 4 5 6 |  6.0
Shields        | 4 |  4.0
Axes           | |  2.4

Action                     |  1- 3 |  4- 6 |  7- 9 | 10-12 || total
---------------------------+-------+-------+-------+-------++-------
  Melee: War axe           |    28 |       |       |       ||    28
         Great mace        |    73 |   119 |   325 |   213 ||   730
  Throw: Stone             |       |    13 |    41 |       ||    54
         Dart              |       |       |    20 |     1 ||    21
         Boomerang         |       |       |    25 |    57 ||    82
 Invoke: Heroism           |       |       |     1 |     5 ||     6
         Finesse           |       |       |       |     3 ||     3
  Evoke: Wand              |       |       |       |     2 ||     2
    Use: Scroll            |     2 |     1 |     1 |     2 ||     6
         Potion            |     1 |       |       |     2 ||     3
   Stab: Sleeping          |       |     3 |     9 |     3 ||    15
         Distracted        |       |       |     1 |       ||     1
         Paralysed         |       |       |       |     2 ||     2
 Armour: Scale mail        |    68 |    65 |   159 |   106 ||   398
  Dodge: Dodged            |    44 |    81 |   248 |   108 ||   481
  Block: Buckler           |    12 |       |       |       ||    12
